 Dungeon Crawl Stone Soup version 0.18.1-48-g4cf74bf (webtiles) character file.

70 Alarkh the Shooter (level 4, 0/33 HPs)
             Began as a Mummy Hunter on Sept 4, 2016.
             Slain by a scorpion zombie (2 damage)
             ... in an ossuary.
             The game lasted 00:02:08 (1431 turns).

Alarkh the Shooter (Mummy Hunter)                   Turns: 1431, Time: 00:02:09

Health: 0/33       AC:  7    Str: 12    XL:     4   Next: 3%
Magic:  13/13      EV: 10    Int: 11    God:
Gold:   77         SH:  0    Dex: 12    Spells: 0 memorised, 3 levels left

rFire  x . .     SeeInvis +     b - +0 mace
rCold  + . .     Gourm    .     p - +0 ring mail "Hosmian" {rN++ Str-3 SInv} (curse)
rNeg   + + +     Faith    .     (no shield)
rPois  ∞         Spirit   .     (no helmet)
rElec  .         Dismiss  .     j - +0 cloak
rCorr  .         Reflect  .     (no gloves)
SustAt .         Harm     .     l - +0 pair of boots
MR     .....                    (no amulet)
Stlth  +.........               (no ring)
                                i - ring of magical power

@: not resistant to hostile enchantments, very unstealthy
A: no food or potions, fire vulnerability, cold resistance 1, negative energy
resistance 3, torment resistance, unbreathing
a: no special abilities


You were in an ossuary.
You were not hungry.

You visited 1 branch of the dungeon, and saw 4 of its levels.
You also visited: Ossuary.

You collected 77 gold pieces.

Inventory:

Hand Weapons
 a - a +1 shortbow
 b - a +0 mace (weapon)
 n - a +0 short sword
Missiles
 d - 10 arrows
 m - a throwing net (quivered)
Armour
 c - a +0 leather armour
 j - a +0 cloak (worn)
 l - a +0 pair of boots (worn)
 p - the cursed +0 ring mail "Hosmian" (worn) {rN++ Str-3 SInv}
   (You found it on level 4 of the Dungeon)

   It affects your strength (-3).
   It greatly protects you from negative energy.
   It lets you see invisible.
   It has a curse placed upon it.
Jewellery
 i - a ring of magical power (left hand)
Scrolls
 e - a scroll of remove curse {unknown}
 f - a scroll of enchant armour {unknown}
 g - a scroll of immolation {unknown}
 h - a scroll of fear {unknown}
 k - a scroll of fog {unknown}
 o - a scroll of identify {unknown}
 q - a scroll of teleportation {unknown}


   Skills:
 - Level 2.0 Fighting
 + Level 4.6 Bows
 - Level 1.5 Dodging
 - Level 0.7 Stealth


You had 3 spell levels left.
You didn't know any spells.

Dungeon Overview and Level Annotations

Branches:
Dungeon (4/15)
 Temple: D:4-7

Altars:


Innate Abilities, Weirdness & Mutations

You do not eat or drink.
Your flesh is vulnerable to fire.
You are immune to poison.
Your flesh is cold resistant.
You are immune to negative energy.
You are immune to unholy pain and torment.
You can survive without breathing.


Message History

You barely miss the goblin zombie.
The goblin zombie hits you but does no damage.
You sock the goblin zombie!
You destroy the goblin zombie!
You hit the gnoll zombie. The gnoll zombie misses you.
You hit the gnoll zombie.
The gnoll zombie hits you but does no damage.
You hit the gnoll zombie. The gnoll zombie hits you.
The gnoll zombie barely misses you.
You hit the gnoll zombie.
You destroy the gnoll zombie!
You hit the scorpion zombie. The scorpion zombie closely misses you.
You sock the scorpion zombie! The scorpion zombie hits you.
* * * LOW HITPOINT WARNING * * *
You barely miss the scorpion zombie. The scorpion zombie hits you.
* * * LOW HITPOINT WARNING * * *
The scorpion zombie hits you.
* * * LOW HITPOINT WARNING * * *
You barely miss the scorpion zombie. The scorpion zombie hits you.
You die...

#############
#...#...#...#
#.∩.#...8...+
#...#.......#
##'###8...8##
#..@#.Z.....#
#.∩.Z...8...#
#...#...#...#
######### ###


You could see a scorpion zombie.

Vanquished Creatures
  An adder (D:2)
  A scorpion zombie (Ossuary)
  An adder skeleton (D:4)
  2 dart slugs (D:1)
  A giant gecko (D:4)
  4 giant cockroaches
  A gnoll zombie (Ossuary)
  4 goblins
  7 hobgoblins
  3 jackals (D:1)
  A quokka (D:2)
  6 bats
  3 giant newts
  A goblin zombie (Ossuary)
  2 kobolds
  4 rats (D:1)
42 creatures vanquished.

Notes
Turn   | Place    | Note
--------------------------------------------------------------
     0 | D:1      | Alarkh the Mummy Hunter began the quest for the Orb.
     0 | D:1      | Reached XP level 1. HP: 16/16 MP: 1/1
   160 | D:1      | Reached XP level 2. HP: 22/22 MP: 2/2
   628 | D:1      | Reached skill level 4 in Bows
   851 | D:2      | Reached XP level 3. HP: 23/27 MP: 3/3
  1297 | D:4      | Got a crude ring mail
  1308 | D:4      | Identified the cursed +0 ring mail "Hosmian" {rN++ Str-3 SInv} (You found it on level 4 of the Dungeon)
  1349 | D:4      | Found a sand-covered staircase.
  1391 | Ossuary  | Entered an ossuary
  1420 | Ossuary  | Reached XP level 4. HP: 16/33 MP: 4/4
  1431 | Ossuary  | Slain by a scorpion zombie

Skill      XL: |  1  2 |
---------------+-------+-----
Bows           | 4 |  4.6
Fighting       | |  2.0
Dodging        | |  1.5
Stealth        | |  0.7

Action                   |  1- 3 |  4- 6 || total
-------------------------+-------+-------++-------
Melee: Short sword       |    25 |       ||    25
       Mace              |    53 |    11 ||    64
 Fire: Shortbow          |    66 |       ||    66
 Stab: Sleeping          |     1 |       ||     1
Armor: Leather armour    |    34 |       ||    34
       Ring mail         |    15 |     3 ||    18
Dodge: Dodged            |    60 |     3 ||    63
